 Dungeon Crawl Stone Soup version 0.26-a0-771-g060e6a62af (webtiles) character file.

Game seed: 1618903941907475837

2027 reriks the Shield-Bearer (level 9, 0/81 HPs)
             Began as a Deep Dwarf Fighter on Nov 8, 2020.
             Was a Priest of Makhleb.
             Slain by a killer bee (2 damage)
             ... on level 7 of the Dungeon.
             The game lasted 00:08:04 (5456 turns).

reriks the Shield-Bearer (Deep Dwarf Fighter)       Turns: 5456, Time: 00:08:05

Health: 0/81       AC: 14    Str: 24      XL:     9   Next: 3%
Magic:  18/19 (10) EV:  7    Int:  8      God:    Makhleb [***...]
Gold:   357        SH: 10    Dex: 10 (12) Spells: 8/8 levels left

rFire    . . .     SeeInvis .   a - +0 war axe
rCold    . . .     Faith    .   c - +0 kite shield
rNeg     . . .     Spirit   .   k - +0 plate armour
rPois    .         Reflect  .   (no helmet)
rElec    .         Harm     .   (no cloak)
rCorr    .         Rampage  .   C - +0 pair of gloves
MR       ++...                  (no boots)
Stlth    ..........             (no amulet)
HPRegen  0.00/turn              i - ring of magical power
MPRegen  0.16/turn              t - ring of protection from magic

@: lethally poisoned (0 -> 0), non-regenerating
A: damage resistance, heal wounds, sense surroundings 2, no regeneration
a: Heal Wounds, Minor Destruction, Lesser Servant of Makhleb, Renounce Religion


You were on level 7 of the Dungeon.
You worshipped Makhleb.
Makhleb was most pleased with you.
You visited 2 branches of the dungeon, and saw 8 of its levels.
You also visited: Sewer.

You collected 357 gold pieces.

Inventory:

Hand Weapons
 a - a +0 war axe (weapon)
 b - a +0 hunting sling
Missiles
 p - 31 sling bullets
Armour
 c - a +0 kite shield (worn)
 e - a +0 scale mail
 k - a +0 plate armour (worn)
 C - a +0 pair of gloves (worn)
Jewellery
 i - a ring of magical power (left hand)
 t - a ring of protection from magic (right hand)
Wands
 D - a wand of iceblast (13)
 E - a wand of flame (28)
Scrolls
 g - 2 scrolls of immolation
 h - 3 scrolls of teleportation
 n - 3 scrolls of remove curse
 u - 3 scrolls of magic mapping
 v - 3 scrolls of identify
 w - 2 scrolls of fog {unknown}
 y - a scroll of amnesia {unknown}
 B - a scroll of vulnerability {unknown}
Potions
 f - a potion of cancellation
 j - 3 potions of brilliance
 l - a potion of degeneration
 m - 2 potions of curing
 o - 2 potions of flight
 q - a potion of haste {unknown}
 r - 5 potions of invisibility {unknown}
 s - a potion of ambrosia {unknown}
 x - a potion of lignification {unknown}
 z - 2 potions of heal wounds {unknown}
 A - 2 potions of magic {unknown}


   Skills:
 + Level 5.2 Fighting
 + Level 5.7 Axes
 + Level 4.0 Slings
 + Level 6.3 Armour
 + Level 5.0 Dodging
 + Level 6.3 Shields
 + Level 2.6 Invocations


You had 8 spell levels left.
You didn't know any spells.
Your spell library was empty.

Dungeon Overview and Level Annotations

Branches:
Dungeon (7/15)             Temple (1/1) D:4           Sewer (visited)

Altars:
Ashenzari
Cheibriados
Elyvilon
Gozag
Hepliaklqana
Makhleb
Nemelex Xobeh
Okawaru
Qazlal
Ru
Trog
Uskayaw
Wu Jian
The Shining One


Innate Abilities, Weirdness & Mutations

You are resistant to damage.
You can heal yourself by infusing magical energy.
You passively map the area around you.
You do not regenerate.


Message History

The killer bee barely misses you. x2; You block the killer bee's attack.
The killer bee barely misses you.
The killer bee stings you but does no damage.
You barely miss the killer bee.
The killer bee is heavily wounded.
You closely miss the killer bee. You barely miss the killer bee.
* * * LOW HITPOINT WARNING * * *
You feel sick.
The killer bee stings you but does no damage. x2
The killer bee barely misses you. You block the killer bee's attack. x3
The killer bee closely misses you.
You miss the killer bee.
The killer bee is heavily wounded.
You miss the killer bee. x2; The killer bee barely misses you.
The killer bee stings you but does no damage.
You block the killer bee's attack.
The killer bee stings you but does no damage.
You block the killer bee's attack. The killer bee barely misses you.
The killer bee stings you.
You die...

......####....#..............
,
.......##................####
.###...#..#..............# *
.# ###....#..............#*
#####....####...........##, ,
.#.###......##............. ,
...#.#.##.......###........
.......##.........####......
...............†@y.# ..#...
...............#yy......#..
.......................## ,,
..###....#......#.#.(... ,,
....#...##.(.... ##..... ,
........#....... , .#.. *,
.#####..#..##..., ##.. , ,
.#* <....*.... *, ,, .# #..
,, *,, , ,


You could see 3 killer bees.

Vanquished Creatures
  A hornet (D:7)
  2 phantoms
  An orc warrior (D:6)
  A centaur (D:7)
  2 big kobolds
  2 bullfrogs
  A wyvern skeleton (D:5)
  2 scorpions
  2 killer bees (D:7)
  3 wights (D:6)
  2 howler monkeys
  A centaur zombie (D:5)
  A jelly (D:5)
  A quasit (D:7)
  2 orc priests
  5 hounds
  A centaur skeleton (D:4)
  2 orc wizards
  3 worker ants
  4 gnolls (D:5)
  11 adders
  A river rat (Sewer)
  A shadow imp (D:5)
  An ufetubus (D:5)
  An adder zombie (D:7)
  3 worms
  2 dart slugs (D:1)
  5 leopard geckos
  12 orcs
  3 ball pythons
  4 bats
  6 giant cockroaches
  10 goblins
  8 hobgoblins
  4 jackals
  4 quokkas
  5 frilled lizards
  18 kobolds
  A leopard gecko skeleton (D:4)
  A quokka skeleton (D:5)
  15 rats
155 creatures vanquished.

Vanquished Creatures (others)
  39 plants (D:3)
39 creatures vanquished.

Grand Total: 194 creatures vanquished

Notes
Turn   | Place    | Note
-------+----------+-------------------------------------------
     0 | D:1      | reriks the Deep Dwarf Fighter began the quest for the Orb.
     0 | D:1      | Reached XP level 1. HP: 20/20 MP: 1/1
     2 | D:1      | Found a broken altar of Ashenzari.
    85 | D:1      | Reached XP level 2. HP: 27/27 MP: 2/2
   651 | D:2      | Reached skill level 1 in Dodging
   704 | D:2      | Found a snail-covered altar of Cheibriados.
   709 | D:2      | Reached XP level 3. HP: 31/33 MP: 3/3
   758 | D:2      | Reached XP level 4. HP: 40/42 MP: 4/4
   832 | D:2      | Found a sparkling altar of Nemelex Xobeh.
   899 | D:2      | Found a faded altar of an unknown god.
  1124 | D:2      | Found a burning altar of Makhleb.
  1131 | D:2      | Became a worshipper of Makhleb the Destroyer
  1433 | D:3      | Found a glowing drain.
  1467 | D:3      | Reached XP level 5. HP: 43/49 MP: 5/5
  1474 | Sewer    | Entered a sewer
  1587 | Sewer    | Found a white marble altar of Elyvilon.
  2035 | D:3      | Reached * piety under Makhleb
  2197 | D:3      | Found a hide-covered altar of Uskayaw.
  2261 | D:3      | Reached XP level 6. HP: 47/56 MP: 6/6
  2621 | D:4      | Found a bloodstained altar of Trog.
  2788 | D:4      | Reached skill level 1 in Slings
  2967 | D:4      | Found a staircase to the Ecumenical Temple.
  2997 | D:4      | Reached XP level 7. HP: 57/63 MP: 7/7
  3011 | D:4      | Found a sacrificial altar of Ru.
  3015 | D:4      | Found an iron altar of Okawaru.
  3015 | D:4      | Found an opulent altar of Gozag.
  3027 | D:4      | Found a stormy altar of Qazlal.
  3031 | D:4      | Found a white marble altar of Elyvilon.
  3120 | D:4      | Reached skill level 5 in Shields
  3141 | D:4      | Found a hazy altar of Hepliaklqana.
  3284 | D:4      | Found an ornate altar of the Wu Jian Council.
  3468 | Temple   | Entered the Ecumenical Temple
  3490 | D:5      | Entered Level 5 of the Dungeon
  3526 | D:5      | Reached ** piety under Makhleb
  3536 | D:5      | Reached skill level 5 in Armour
  4026 | D:5      | Found a bloodstained altar of Trog.
  4382 | D:5      | Reached XP level 8. HP: 65/73 MP: 8/8
  4876 | D:6      | Reached skill level 5 in Axes
  5020 | D:6      | Found a burning altar of Makhleb.
  5139 | D:6      | Reached skill level 1 in Invocations
  5175 | D:6      | You fall into a shaft and drop 1 floor!
  5176 | D:7      | Noticed a hornet
  5180 | D:7      | Paralysed by a hornet for 3 turns
  5189 | D:7      | Paralysed by a hornet for 1 turns
  5192 | D:7      | Killed a hornet
  5192 | D:7      | Reached skill level 5 in Fighting
  5210 | D:7      | Reached *** piety under Makhleb
  5409 | D:7      | Found a glowing golden altar of the Shining One.
  5447 | D:7      | Reached skill level 5 in Dodging
  5447 | D:7      | Gained mutation: You passively map the area around you.
                  | [Deep Dwarf growth]
  5447 | D:7      | Reached XP level 9. HP: 22/81 MP: 9/9
  5453 | D:7      | HP: 2/81 [killer bee (5)]
  5456 | D:7      | Slain by a killer bee

Illustrated notes

Levels and vault maps discovered:
D:1:      sevenhm_arrival_forest_fort_small_6, layout_loops_ring
D:2:      layout_loops_ring, old_standard_altar, makhleb_blood_cavern_becter,
          marbit_many_paths, chequers_ecumenical_altar_simple,
          mrwooster_statue_mirror, minmay_tetromino_l2
D:3:      layout_basic, nicolae_overflow_hidden_temple, serial_bayou,
          serial_bayou_pond_c, serial_bayou_lagoon_b, serial_bayou_lagoon_a,
          serial_bayou_ford_a, cheibrodos_sewer_entry_bend
D:4:      layout_rooms, lemuel_coloured_pillars_altar, lemuel_doored_altar,
          bloody_trog, minmay_overflow_temple_star_hex, minmay_temple_entry_hall
D:5:      cheibrodos_thug_alley, layout_basic, basic_altar
D:6:      layout_basic, basic_altar
D:7:      layout_cave_pools, ashenzari_conservatory_becter, tso_oasis_becter,
          minmay_nine_imps
Temple:   corrupted_temple

Skill      XL: |  1  2  3  4  5  6  7  8 |
---------------+-------------------------+-----
Dodging        | 1 2 3 4 5 |  5.0
Fighting       | 3 4 5 |  5.2
Axes           | 3 4 5 |  5.7
Armour         | 4 5 6 |  6.3
Shields        | 4 5 6 |  6.3
Slings         | 1 2 4 |  4.0
Invocations    | 2 |  2.6

Action                   |  1- 3 |  4- 6 |  7- 9 || total
-------------------------+-------+-------+-------++-------
Melee: War axe           |    73 |   180 |   308 ||   561
 Fire: Hunting sling     |       |    23 |    55 ||    78
 Abil: Heal Wounds       |       |     2 |     5 ||     7
  Use: Scroll            |       |     9 |     2 ||    11
       Potion            |       |     1 |     4 ||     5
Armor: Scale mail        |    13 |       |       ||    13
       Plate armour      |    28 |   106 |   275 ||   409
Dodge: Dodged            |    16 |    35 |   141 ||   192
Block: Kite shield       |    31 |   111 |   261 ||   403

Table legend: (Time is in decaauts)
 A = Elapsed time spent in this place.
 B = Non-inter-level travel time spent in this place.
 C = Inter-level travel time spent in this place.
 D = Time resting spent in this place.
 E = Time spent auto-exploring this place.
 F = Levels seen in this place.
 G = Mean time per level.
                   A        B        C        D        E       F      G
               +--------+--------+--------+--------+--------+-----+--------+
         Total |   5776 |   5314 |    462 |    437 |   3410 |   9 |  641.8 |
       Dungeon |   5556 |   5094 |    462 |    417 |   3299 |   7 |  793.7 |
        Temple |      1 |      1 |      0 |      0 |      0 |   1 |    1.0 |
         Sewer |    218 |    218 |      0 |     20 |    111 |   1 |  218.0 |
               +--------+--------+--------+--------+--------+-----+--------+

Top non-repeatable levels by time:
     D:3: 1199 daAuts
     D:5: 1181 daAuts
     D:4: 914 daAuts
     D:2: 829 daAuts
     D:1: 661 daAuts
     D:6: 454 daAuts
     D:7: 316 daAuts
   Sewer: 218 daAuts
  Temple: 1 daAuts
